Map: Ulrena

Players

Dawn - Winner!

  • Race: Terran Terran
  • League: Diamond

crazipant

  • Race: Terran Terran

VOD

Have the link to the VOD?

Description

Time

  • Played on: Feb. 2, 2016, 6:15 p.m.
  • Length: 9:43
Show
View Real Time Build Order
Export as new Build Order

Dawn Terran - Winner!

Build Orders: 1/1/1, Liberator Opening 

Get SALT Encoding   

  12  0:01  SCV  
  13  0:13  SCV  
  14  0:19  Supply Depot  
  14  0:25  SCV  
  15  0:41  SCV  
  15  0:42  Barracks  
  16  0:46  Refinery  
  16  0:53  SCV  
  17  0:57  Supply Depot  
  17  1:04  Refinery  
  17  1:07  SCV  
  18  1:24  SCV  
  19  1:31  Marine  
  20  1:36  Orbital Command  
  20  1:44  Factory  
  20  1:49  Marine  
  21  2:01  SCV  
  21  2:07  Marine  
  23  2:13  SCV  
  24  2:25  Marine  
  24  2:29  Starport, Factory Reactor  
  25  2:31  SCV  
  26  2:42  Supply Depot  
  26  2:43  SCV  
  27  2:45  Supply Depot  
  27  2:51  Barracks Reactor  
  27  2:56  SCV  
  28  3:07  Hellion x2  
  31  3:19  Liberator  
  30  3:28  Marine x2  
  30  3:52  Marine x2  
  26  4:06  Hellion  
  27  4:10  Marine x2  
  19  4:30  Factory Tech Lab  
  19  4:31  Marine  
  19  4:39  SCV  
  20  4:50  Marine x2  
  20  4:51  SCV  
  23  5:03  SCV  
  23  5:04  Siege Tank  
  27  5:09  Marine  
  27  5:10  Marine  
  29  5:15  SCV  
  29  5:20  Liberator  
  30  5:29  SCV  
  30  5:31  Marine x2  
  33  5:42  SCV  
  37  5:49  Marine x2  
  39  5:54  SCV  
  39  5:56  Medivac  
  42  6:06  SCV  
  42  6:07  Marine x2  
  45  6:19  Supply Depot  
  45  6:20  SCV  
  46  6:27  Marine  
  47  6:37  Marine  
  46  6:40  Siege Tank  
  46  6:45  Marine  
  50  6:55  Marine  
  46  7:03  Marine  
  45  7:13  Marine  
  46  7:17  Siege Tank  
  46  7:21  Marine  
  49  7:28  Supply Depot  
  49  7:29  SCV  
  50  7:30  Marine  
  49  7:38  Marine  
  33  7:48  Marine  
  30  7:56  Marine  
  28  8:06  Marine  
  28  8:11  Siege Tank  
  25  8:14  Marine  
  22  8:43  Orbital Command  
Show
View Real Time Build Order
Export as new Build Order

crazipant Terran 

Build Orders:  

Get SALT Encoding   

  12  0:01  SCV  
  13  0:14  Supply Depot  
  13  0:18  SCV  
  14  0:28  Refinery  
  14  0:30  SCV  
  15  0:44  Barracks  
  15  0:47  SCV  
  16  1:00  SCV  
  17  1:11  Barracks  
  17  1:12  SCV  
  18  1:25  Barracks  
  18  1:28  SCV  
  20  1:32  Reaper  
  20  1:42  Supply Depot  
  20  1:50  Refinery  
  21  1:54  SCV  
  21  1:58  Reaper  
  22  2:05  Reaper  
  23  2:15  Orbital Command  
  23  2:20  Reaper  
  24  2:36  Reaper  
  25  2:37  Reaper  
  25  2:42  SCV  
  25  2:44  Supply Depot  
  27  2:52  Reaper  
  28  3:08  Reaper  
  29  3:26  Reaper x2  
  30  3:34  SCV  
  30  3:35  Command Center  
  30  3:40  Reaper  
  31  3:58  Reaper  
  31  4:02  Reaper  
  28  4:42  Barracks Tech Lab  
  28  4:43  Barracks Reactor  
  25  4:48  Barracks  
  25  4:50  Barracks Reactor, Factory  
  25  4:51  Orbital Command  
  25  4:52  SCV  
  26  4:54  Barracks  
  26  5:04  SCV  
  26  5:07  Engineering Bay  
  27  5:10  Marine  
  27  5:12  Stimpack  
  28  5:16  Orbital Command, SCV  
  29  5:22  Marine x2  
  29  5:26  Marine x2  
  29  5:27  Marine  
  34  5:35  Starport, Factory Tech Lab  
  34  5:36  SCV  
  35  5:48  SCV  
  35  5:49  SCV  
  37  5:52  Barracks Reactor x2  
  37  5:54  Marine x4  
  37  5:55  Marine  
  37  5:56  Siege Tank  
  45  6:00  SCV  
  45  6:01  SCV  
  47  6:09  Supply Depot  
  47  6:11  Medivac  
  47  6:12  SCV  
  47  6:13  SCV  
  47  6:18  Marine x4  
  52  6:21  Marine  
  52  6:25  Marine x2  
  56  6:29  SCV x2  
  60  6:34  Supply Depot  
  60  6:47  Marine x3  
  60  6:48  Marine x4  
  65  7:05  Marine  
  65  7:08  Marine x4  
  55  7:09  Marine x2  
  59  7:23  Marine  
  59  7:26  Marine x4  
  59  7:27  Marine x2  
  59  7:40  Marine  
  59  7:44  Marine x4  
  60  7:45  Marine x2  
  39  7:58  Marine  
  39  8:01  Marine  
  39  8:02  Marine x3  
  34  8:18  Marine x3  
  37  8:21  Medivac, Siege Tank  
  37  8:24  Marine x3  
  46  8:32  Marine  
  46  8:36  Marine  
  40  8:45  Marine x3  
  36  9:02  Marine x2  
  38  9:03  Marine  
Tags
 
Add a new tag
Caveats
  • Supply blocks, unpowered buildings, or Contaminate may cause inaccurate times.
  • Supply counts are checked every 10 seconds.